 Dungeon Crawl Stone Soup version 0.23-a0-636-g0ff6057 (console) character file.

29 Duffy the Firebug (level 3, 18/27 HPs)
             Began as a Demonspawn Fire Elementalist on Dec 28, 2018.
             Quit the game on level 3 of the Dungeon.
             The game lasted 00:01:19 (429 turns).

Duffy the Firebug (Demonspawn Fire Elementalist)     Turns: 429, Time: 00:01:19

Health: 18/27      AC:  2    Str:  8    XL:     3   Next: 1%
Magic:  6/6        EV: 12    Int: 17    God:
Gold:   7          SH:  0    Dex: 13    Spells: 5/6 levels left

rFire    . . .     SeeInvis .   b - +1 whip (venom)
rCold    . . .     Gourm    .   (no shield)
rNeg     . . .     Faith    .   a - +0 robe
rPois    .         Spirit   .   (no helmet)
rElec    .         Reflect  .   (no cloak)
rCorr    .         Harm     .   (no gloves)
MR       .....                  (no boots)
Stlth    ++........             (no amulet)
HPRegen  0.09/turn              (no ring)
MPRegen  0.10/turn              (no ring)

@: no status effects
A: claws 1, powered by death 1
a: no special abilities


You were on level 3 of the Dungeon.
You were not hungry.

You visited 1 branch of the dungeon, and saw 3 of its levels.

You collected 7 gold pieces.

Inventory:

Hand Weapons
 b - a +1 whip of venom (weapon)
Armour
 a - a +0 robe (worn)
 h - a +0 large shield of cold resistance
Scrolls
 e - a scroll of enchant weapon {unknown}
 f - a scroll of teleportation {unknown}
Comestibles
 c - a ration
 d - a chunk of flesh


   Skills:
 + Level 1.6 Fighting
 - Level 1.7 Dodging
 - Level 1.7 Stealth
 - Level 2.0 Spellcasting
 + Level 2.2 Conjurations
 - Level 2.6 Fire Magic


You had 5 spell levels left.
You knew the following spells:

 Your Spells              Type           Power        Failure   Level  Hunger
h - Flame Tongue          Conj/Fire      ##...        7%          1    #......

Your spell library contained the following spells:

 Spells                   Type           Power        Failure   Level  Hunger
 Throw Flame              Conj/Fire      ##....       11%         2    ###....
 Conjure Flame            Conj/Fire      ##......     22%         3    ###....
 Inner Flame              Hex/Fire       #.......     32%         3    ###....
 Sticky Flame             Conj/Fire      ##......     56%         4    #####..
 Fireball                 Conj/Fire      ##........   89%         5    ######.


Dungeon Overview and Level Annotations

Branches:
Dungeon (3/15)

Altars:
Gozag


Innate Abilities, Weirdness & Mutations

You have sharp fingernails.
You regenerate a little health from kills.


Message History

You hit the quokka.
The quokka is poisoned.
The quokka is moderately wounded.
The quokka bites you. x2
You miss the quokka.
The quokka is almost dead.
The quokka bites you.
You miss the quokka.
The quokka is almost dead.
You kill the quokka!
You have reached level 3!
Your experience leads to an increase in your attributes!
Increase (S)trength, (I)ntelligence, or (D)exterity?
You feel clever.
Your demonic ancestry asserts itself...
Your fingernails lengthen.
You see here a quokka corpse.
You butcher the quokka corpse.
d - a chunk of flesh You see here a quokka skeleton.
You swing at nothing.
Are you sure you want to abandon this character and quit the game? (Confirm

...>...........#
.....#'###...#
.............#######
.#######...........#
......(...%........+
...................#
............%....#
......#..........#
......'.......@..#
......##.###+#...#
......+... #.#.#
.... ##.# #.#.# ..
#. ..# # ..# ..#
....


There were no monsters in sight!

Vanquished Creatures
  An ooze (D:3)
  A worm (D:3)
  An orc (D:3)
  2 bats (D:3)
  3 giant cockroaches
  4 goblins
  2 hobgoblins
  2 quokkas (D:3)
  4 rats
20 creatures vanquished.

Notes
Turn   | Place    | Note
-------+----------+-------------------------------------------
     0 | D:1      | Duffy the Demonspawn Fire Elementalist began the quest for
                  | the Orb.
     0 | D:1      | Reached XP level 1. HP: 13/13 MP: 3/3
   212 | D:3      | Found an opulent altar of Gozag.
   244 | D:3      | Reached skill level 1 in Fighting
   244 | D:3      | Gained mutation: You regenerate a little health from kills.
                  | [demonic ancestry]
   244 | D:3      | Reached XP level 2. HP: 21/21 MP: 0/5
   363 | D:3      | HP: 1/21 [bat (1)]
   422 | D:3      | Gained mutation: You have sharp fingernails. [demonic
                  | ancestry]
   422 | D:3      | Reached XP level 3. HP: 18/27 MP: 6/6
   429 | D:3      | Quit the game

Vault maps used:
D:1:      wheals_arrival_shading, minmay_heptomino_w4
D:2:      doesnt_xom_only_xom, first_ration, minmay_misc_feat_tower,
          chequers_mini_garden, nrook_mini_vaults, minmay_misc_feat_iff
D:3:      cheibrodos_sewer_entry_bend, grunt_gozag_breadcrumbs

Skill      XL: |  1  2 |
---------------+-------+-----
Fighting       | 1 |  1.6
Conjurations   | 2 |  2.2
Dodging        | |  1.7
Stealth        | |  1.7
Spellcasting   | |  2.0
Fire Magic     | |  2.6

Action                   || total
-------------------------++-------
Melee: Whip              ||    65
 Cast: Flame Tongue      ||     8
  Use: Potion            ||     1
 Stab: Sleeping          ||     1
Armor: Robe              ||    16
Dodge: Dodged            ||    57

Table legend:
 A = Non-vault XP
 B = Vault XP
 C = Vault XP percentage of total XP
 D = Non-vault monster count
 E = Vault monster count
 F = Vault count percentage of total count
                 A         B        C        D         E       F
            +---------+---------+-------+---------+---------+-------
      Total |      42 |       0 |   0.0 |      20 |       0 |   0.0
            +---------+---------+-------+---------+---------+-------
        D:1 |       5 |       0 |   0.0 |       3 |       0 |   0.0
        D:2 |       3 |       0 |   0.0 |       2 |       0 |   0.0
        D:3 |      34 |       0 |   0.0 |      15 |       0 |   0.0
            +---------+---------+-------+---------+---------+-------
